AoeStats
← Green Assassin

Fortress

508037779Analyzed
4v4 RM · 11d ago on Sep 20, 2026· 51m 15s· 8 players
Game mode
Random Map
Map size
Huge
Population
200
Speed
Normal
Resources
Standard
Victory
Conquest
Starting age
Dark Age
Ending age
Imperial Age
RankedLock teamsTeams togetherTeam positionsShared explorationLock speedFull tech treeHidden civsTurbo modeCheats
Victory
Defeat
🇳🇱 Huns · Netherlands
1207
+13
🇪🇸 Romans · Spain
1181
+15
🇳🇱 Khmer · Netherlands
1148
+16
🇩🇪 Magyars · Germany
1145
+16
🇫🇷 Celts · France
1191
-17
🇦🇹 Burgundians · Austria
1185
-16
🇺🇸 Vietnamese · United States
1115
-14
🇺🇸 Gurjaras · United States
1101
-13
Green Assassin
0:26 Loom
8:02 Feudal Age
14:12 Castle Age
12:19 Horse Collar
12:32 Double-Bit Axe
15:13 Wheelbarrow
19:39 Gold Mining
22:48 Hand Cart
23:35 Husbandry
27:57 Imperial Age
26:02 Husbandry
26:13 Bloodlines
26:34 Scale Barding Armor
27:05 Corvinian Army
28:02 Heavy Plow
28:51 Chain Barding Armor
28:37 Town Watch
29:39 Conscription
29:19 Cavalier
30:58 Plate Barding Armor
32:11 Chemistry
31:26 Siege Engineers
31:41 Light Cavalry
32:22 Elite Magyar Huszar
40:55 Murder Holes
41:21 Ballistics
40:54 Fletching
41:04 Padded Archer Armor
42:47 Bodkin Arrow
45:38 Bracer
46:12 Recurve Bow
DOM
7:51 Feudal Age
6:14 Loom
9:23 Horse Collar
9:30 Double-Bit Axe
13:57 Castle Age
12:47 Gold Mining
13:03 Stone Mining
13:34 Man-at-Arms
14:47 Bow Saw
14:55 Heavy Plow
17:24 Gold Shaft Mining
18:00 Wheelbarrow
19:48 Hand Cart
20:37 Ballistas
20:51 Fletching
21:26 Town Watch
22:46 Scale Barding Armor
26:30 Imperial Age
25:15 Fervor
25:59 Forging
26:04 Masonry
28:47 Chemistry
28:20 Pikeman
29:04 Scale Mail Armor
30:13 Iron Casting
30:37 Caravan
32:05 Chain Mail Armor
31:53 Squires
31:17 Halberdier
31:50 Elite Centurion
33:58 Ballistics
33:50 Murder Holes
33:29 Long Swordsman
34:33 Legionary
36:25 Architecture
38:46 Blast Furnace
45:52 Comitatenses
46:47 Bodkin Arrow
46:58 Scale Barding Armor
49:27 Chain Barding Armor
50:14 Conscription
Donkerzs
8:51 Feudal Age
9:00 Feudal Age
13:31 Castle Age
11:23 Double-Bit Axe
12:42 Forging
12:37 Scale Barding Armor
12:31 Horse Collar
15:17 Iron Casting
16:30 Bow Saw
16:46 Gold Mining
18:32 Chain Barding Armor
28:18 Wheelbarrow
36:36 Imperial Age
39:42 Imperial Age
42:18 Imperial Age
40:23 Marauders
42:43 Bloodlines
43:59 Blast Furnace
43:36 Plate Barding Armor
jsvos123
1:59 Loom
7:52 Feudal Age
9:30 Horse Collar
9:48 Double-Bit Axe
10:04 Town Watch
12:26 Castle Age
10:29 Gold Mining
13:01 Scale Barding Armor
15:11 Heavy Plow
23:39 Stone Mining
24:24 Gold Shaft Mining
24:18 Chain Barding Armor
24:08 Forging
31:43 Imperial Age
29:52 Wheelbarrow
34:32 Conscription
35:33 Plate Barding Armor
35:34 Iron Casting
34:50 Fletching
36:21 Crop Rotation
36:10 Bow Saw
36:45 Elite Ballista Elephant
37:59 Pikeman
38:24 Arson
44:27 Halberdier
45:17 Scale Mail Armor
46:18 Blast Furnace
45:16 Bodkin Arrow
soaig.eve
7:55 Feudal Age
8:21 Double-Bit Axe
8:17 Horse Collar
13:02 Castle Age
14:25 Heavy Plow
14:36 Bow Saw
15:30 Wheelbarrow
18:27 Hand Cart
23:43 Gold Mining
27:06 Imperial Age
25:40 Forging
25:30 Scale Mail Armor
25:47 Arson
27:38 Elite Woad Raider
28:39 Conscription
31:31 Gold Shaft Mining
32:02 Iron Casting
31:43 Chain Mail Armor
34:27 Blast Furnace
36:06 Plate Mail Armor
45:42 Caravan
Dr_Oetker02
8:23 Feudal Age
8:50 Double-Bit Axe
8:48 Horse Collar
13:48 Castle Age
13:42 Stone Mining
13:42 Gold Mining
14:15 Bow Saw
14:07 Heavy Plow
14:27 Scale Barding Armor
14:33 Forging
16:55 Wheelbarrow
17:52 Hand Cart
20:27 Fletching
22:19 Pikeman
23:00 Squires
23:48 Loom
28:36 Iron Casting
28:05 Scale Mail Armor
28:39 Loom
43:46 Husbandry
47:11 Imperial Age
45:23 Chain Barding Armor
49:34 Blast Furnace
49:45 Plate Barding Armor
50:17 Two-Man Saw
50:43 Chain Mail Armor
Tachyon
7:52 Feudal Age
9:13 Loom
11:58 Castle Age
10:22 Double-Bit Axe
10:22 Horse Collar
11:37 Gold Mining
14:13 Bow Saw
18:31 Town Watch
19:50 Wheelbarrow
20:59 Stone Mining
21:04 Fletching
21:42 Heavy Plow
22:16 Hand Cart
22:29 Bodkin Arrow
23:20 Padded Archer Armor
27:38 Imperial Age
26:25 Leather Archer Armor
29:25 Chemistry
29:09 Stone Shaft Mining
29:03 Scale Barding Armor
29:19 Town Patrol
30:13 Paper Money
30:21 Bracer
30:51 Ring Archer Armor
30:52 Siege Engineers
32:28 Crop Rotation
32:25 Fortified Wall
32:45 Forging
33:37 Hoardings
34:22 Two-Man Saw
33:56 Chatras
34:20 Chain Barding Armor
34:17 Bloodlines
34:10 Husbandry
35:11 Elite Battle Elephant
38:15 Ballistics
42:16 Murder Holes
42:25 Crossbowman
43:11 Thumb Ring
43:51 Arbalester
45:23 Caravan
45:35 Guilds
45:05 Elite Skirmisher
45:59 Imperial Skirmisher
1. d4
6:52 Feudal Age
8:23 Double-Bit Axe
8:20 Horse Collar
9:10 Loom
11:38 Castle Age
16:40 Heavy Plow
19:27 Wheelbarrow
21:23 Forging
21:53 Scale Barding Armor
22:57 Hand Cart
23:41 Bow Saw
24:46 Bloodlines
24:36 Husbandry
26:50 Iron Casting
26:37 Chain Barding Armor
28:33 Fletching
33:25 Bodkin Arrow
41:16 Imperial Age
40:25 Kshatriyas
40:29 Light Cavalry
42:18 Heavy Camel Rider
43:37 Plate Barding Armor
47:43 Hussar
48:51 Gold Mining
48:52 Stone Mining
49:25 Caravan
Connection lost

Rejoining the realm…

Still unreachable

The connection could not be restored.

Session expired

The server has moved on; the page needs a fresh start.